 Dungeon Crawl Stone Soup version 0.26.1-10-gdfb7c7de75 (webtiles) character file.

Game seed: 2872093924758036179

284 phalm the Insei (level 6, 0/39 HPs)
             Began as an Octopode Transmuter on Apr 2, 2021.
             Was an Initiate of Elyvilon.
             Slain by an orc wizard
             ... wielding a +0 dagger
              (5 damage)
             ... on level 4 of the Dungeon.
             The game lasted 00:05:11 (4599 turns).

phalm the Insei (Octopode Transmuter)               Turns: 4599, Time: 00:05:12

Health: 0/39       AC:  1    Str:  9    XL:     6   Next: 29%
Magic:  9/10       EV: 14    Int: 16    God:    Elyvilon [......]
Gold:   166        SH:  0    Dex: 14    Spells: 1/11 levels left

rFire    . . .     SeeInvis .     - Unarmed
rCold    . . .     Faith    .   (no shield)
rNeg     . . .     Spirit   .   (helmet restricted)
rPois    .         Reflect  .   (no amulet)
rElec    .         Harm     .   (no ring)
rCorr    .         Rampage  .   (no ring)
Will     .....                  (no ring)
Stlth    +++.......             (no ring)
HPRegen  0.13/turn              (no ring)
MPRegen  0.12/turn              (no ring)
                                (no ring)
                                (no ring)

@: mighty, wereblooded
A: almost no armour, stealthy swim, amphibious, 8 rings, constrict 8, camouflage
1, gelatinous body 1
a: Renounce Religion


You were on level 4 of the Dungeon.
You worshipped Elyvilon.
Elyvilon was noncommittal.
You visited 1 branch of the dungeon, and saw 4 of its levels.

You collected 166 gold pieces.

Inventory:

Wands
 m - a wand of flame (22)
Scrolls
 d - a scroll of enchant weapon {unknown}
 g - a scroll of enchant armour {unknown}
 i - a scroll of fog {unknown}
 k - a scroll of identify {unknown}
 l - a scroll of teleportation {unknown}
 o - a scroll of amnesia {unknown}
 p - a scroll of magic mapping {unknown}
 q - a scroll of remove curse {unknown}
 r - a scroll of blinking {unknown}
Potions
 a - a potion of flight {unknown}
 b - a potion of lignification {unknown}
 c - a potion of heal wounds {unknown}
 e - a potion of might
 f - 2 potions of curing {unknown}
 h - a potion of degeneration {unknown}
 j - a potion of experience {unknown}
 n - a potion of attraction {unknown}


   Skills:
 + Level 1.9 Fighting
 + Level 2.6 Dodging
 + Level 2.3 Stealth
 + Level 3.5 Unarmed Combat
 * Level 3.2 Spellcasting
 * Level 3.4 Transmutations
 * Level 2.6 Poison Magic
 + Level 0.2 Invocations


You had one spell level left.
You knew the following spells:

 Your Spells              Type           Power        Failure   Level
a - Beastly Appendage     Tmut           26%          4%          1
b - Wereblood             Tmut           13%          7%          2
c - Spider Form           Tmut/Pois      6%           16%         3
d - Ice Form              Ice/Tmut       8%           65%         4

Your spell library contained the following spells:

 Spells                   Type           Power        Failure   Level
 Animate Skeleton         Necr           4%           19%         1
 Apportation              Tloc           4%           19%         1
 Corona                   Hex            2%           19%         1
 Summon Small Mammal      Summ           8%           19%         1
 Blade Hands              Tmut           6%           77%         5


Dungeon Overview and Level Annotations

Branches:
Dungeon (4/15)
 Temple: D:4-7

Altars:
Elyvilon
Fedhas

Annotations:
D:2 1 runed translucent door, exclusion: oklob plant, Crazy Yiuf


Innate Abilities, Weirdness & Mutations

You cannot wear most types of armour.
You are very stealthy in the water. (Stealth+)
You are amphibious.
You can wear up to eight rings at the same time.
You can use your tentacles to constrict eight enemies at once.
Your skin changes colour to match your surroundings (Stealth+).
Your rubbery body absorbs attacks. (AC +1, EV +1)


Message History

You hear some strange, mumbled words.
A puff of flame appears from out of thin air!
The puff of flame hits you!
* * * LOW HITPOINT WARNING * * *
You miss something. Something hits you.
* * * LOW HITPOINT WARNING * * *
You closely miss something. Something hits you.
* * * LOW HITPOINT WARNING * * *
You tentacle-slap something.
You pierce something!
Something barely misses you.
You closely miss something. Your squeeze misses something.
You howl as the wereblood boils in your veins!
You hear some strange, mumbled words.
Something tries to affect you, but you resist.
You tentacle-slap something but do no damage.
You squeeze something. Something hits you.
* * * LOW HITPOINT WARNING * * *
It was a potion of might.
You feel very mighty all of a sudden.
Your tentacle spike disappears.
Something hits you.
You die...

##### #...# #...#
############...# ##
#..............# #.
########.##########...#
#. .........# ##'####.
.........##### #.#....
.........@{o)# #.#.###
........####)# #...#
........# .# #####
........# .# ..#..##.#
.# #.#.. #.. .# #. #.
.. ##


You could see an orc.

Vanquished Creatures
  4 orc priests
  A hound (D:4)
  An orc wizard (D:3)
  2 adders (D:3)
  2 oozes
  A dart slug (D:1)
  A leopard gecko (D:3)
  13 orcs
  2 giant cockroaches
  7 hobgoblins
  7 jackals
  6 kobolds
  A ball python (D:1)
  3 bats
  4 frilled lizards
  9 goblins
  3 rats
67 creatures vanquished.

Notes
Turn   | Place    | Note
-------+----------+-------------------------------------------
     0 | D:1      | phalm the Octopode Transmuter began the quest for the Orb.
     0 | D:1      | Reached XP level 1. HP: 13/13 MP: 3/3
   597 | D:1      | Reached XP level 2. HP: 18/18 MP: 3/5
   600 | D:1      | Learned a level 2 spell: Wereblood
  1081 | D:1      | Reached XP level 3. HP: 14/23 MP: 3/6
  1085 | D:1      | Reached skill level 1 in Stealth
  1534 | D:1      | Learned a level 3 spell: Spider Form
  1724 | D:2      | Reached skill level 1 in Poison Magic
  1724 | D:2      | Reached XP level 4. HP: 18/28 MP: 3/7
  2295 | D:2      | Found a runed translucent door.
  2296 | D:2      | Noticed Crazy Yiuf
  2376 | D:2      | Found a blossoming altar of Fedhas.
  2922 | D:2      | Noticed an oklob plant
  3063 | D:3      | Found a white marble altar of Elyvilon.
  3111 | D:3      | Reached XP level 5. HP: 16/33 MP: 5/9
  3977 | D:3      | Learned a level 4 spell: Ice Form
  4334 | D:3      | Became a worshipper of Elyvilon the Healer
  4463 | D:4      | Reached XP level 6. HP: 26/39 MP: 8/10
  4599 | D:4      | Slain by an orc wizard

Illustrated notes

Levels and vault maps discovered:
D:1:      sevenhm_arrival_forest_fort_large_2, layout_loops_corners,
          chequers_serial_rivers_large_a
D:2:      layout_basic, tgw_fedhas, uniq_crazy_yiuf_cottage
D:3:      layout_loops_cross, nicolae_overflow_hidden_temple, elyvilon_altar_5
D:4:      layout_basic, uniq_edmund, uniq_pikel

Skill      XL: |  1  2  3  4  5 |
---------------+----------------+-----
Stealth        | 1 2 |  2.3
Poison Magic   | 1 2 |  2.6
Transmutations | 3 |  3.4
Spellcasting   | 3 |  3.2
Fighting       | |  1.9
Dodging        | |  2.6
Unarmed Combat | |  3.5
Invocations    | |  0.2

Action                   |  1- 3 |  4- 6 || total
-------------------------+-------+-------++-------
Melee: Unarmed           |    54 |   114 ||   168
       Constrict         |    18 |    26 ||    44
       Tentacles         |     5 |    14 ||    19
       Kick              |     9 |    24 ||    33
       Punch             |     1 |     2 ||     3
 Cast: Beastly Appendage |    17 |    14 ||    31
       Wereblood         |     2 |     3 ||     5
Evoke: Wand              |       |     3 ||     3
  Use: Potion            |       |     1 ||     1
 Stab: Sleeping          |     4 |     4 ||     8
Armor: Skin              |     9 |     5 ||    14
Dodge: Dodged            |    35 |    54 ||    89
